 Dungeon Sprint DCSS version 0.18.1-50-g88ac8fd (webtiles) character file.

119 Kagutsuchi the Skirmisher (level 4, -9/45 HPs)
             Began as a Draconian Berserker on Oct 22, 2016.
             Was a Follower of Trog.
             Mangled by a neqoxec (12 damage)
             ... in the Dungeon (Sprint II: "The Violet Keep of Menkaure").
             The game lasted 00:00:26 (25 turns).

Kagutsuchi the Skirmisher (Draconian Berserker)       Turns: 25, Time: 00:00:27

Health: -9/45      AC:  5    Str: 20    XL:     4   Next: 73%
Magic:  3/3        EV: 14    Int:  9    God:    Trog [*.....]
Gold:   0          SH:  0    Dex: 11    Spells: 0 memorised, 3 levels left

rFire  . . .     SeeInvis .     a - +0 falchion
rCold  . . .     Gourm    .     (armour unavailable)
rNeg   . . .     Faith    .     (no shield)
rPois  .         Spirit   .     (helmet restricted)
rElec  .         Dismiss  .     (no cloak)
rCorr  .         Reflect  .     (no gloves)
SustAt .         Harm     .     (no boots)
MR     .....     NoTele   +     (no amulet)
Stlth  +.........               (no ring)
                                (no ring)

@: exhausted, slowed, very slow, not resistant to hostile enchantments, very
unstealthy
A: unfitting armour, clever 1, low mp 1, slow regeneration 1, cold-blooded,
subdued magic 1, AC +5
a: Berserk, Burn Spellbooks, Renounce Religion


You were in the Dungeon.
You worshipped Trog.
Trog was aware of your devotion.
You were not hungry.

You visited 1 branch

Inventory:

Hand Weapons
 a - a +0 falchion (weapon)
Scrolls
 h - a scroll of blinking
Potions
 c - a potion of curing
 e - a potion of haste
 f - 2 potions of magic
 g - a potion of berserk rage
Comestibles
 b - a bread ration


   Skills:
 + Level 6.6 Fighting
 + Level 6.2 Long Blades
 + Level 5.7 Dodging


You had 3 spell levels left.
You didn't know any spells.

Dungeon Overview and Level Annotations

Branches:
Dungeon (1/1)

Altars:


Innate Abilities, Weirdness & Mutations

Your plain brown scales are hard (AC +5).
Your body does not fit into most forms of armour.
You are cold-blooded and may be slowed by cold attacks.
Your mind is acute. (Int +2)
Your magical capacity is low (-10% MP).
You regenerate slowly when monsters are visible.
Your spells are a little easier to cast, but a little less powerful.


Message History

Strange energies course through your body.
Your natural regeneration is weakened.
The neqoxec hits you!
* * * LOW HITPOINT WARNING * * *
A shadow imp opens the gate.
You closely miss the neqoxec.
The neqoxec is heavily wounded.
The shadow imp disappears in a puff of smoke!
The neqoxec is engulfed in roaring flames.
The neqoxec completely misses you.
The neqoxec is engulfed in roaring flames.
The neqoxec hits you.
* * * LOW HITPOINT WARNING * * *
The white imp is engulfed in roaring flames.
The white imp dies!
The neqoxec is engulfed in roaring flames.
The neqoxec gestures at you.
Something tries to feed on your intellect!
The neqoxec hits you!
You die...

# ##w #+#
#.w.##.##
#$+.<.+
####.##
##'#
##.####
#.##..#
##@3§#
##3## §§5
#§§'#
SS≈≈#
§§§§≈#
§§§§≈≈+
§§§§§##


You could see 2 neqoxecs, 2 lava snakes and a shadow imp.

Vanquished Creatures
  A neqoxec (D)
1 creature vanquished.

Vanquished Creatures (others)
  Menkaure (D)
1 creature vanquished.

Grand Total: 2 creatures vanquished

Notes
Turn   | Place    | Note
--------------------------------------------------------------
     0 | D        | Kagutsuchi the Draconian Berserker began the quest for the Orb.
     0 | D        | Reached XP level 1. HP: 19/19 MP: 1/1
     5 | D        | Noticed a neqoxec
     5 | D        | Gained mutation: Your magical capacity is low (-10% MP). [a neqoxec]
    15 | D        | Killed a neqoxec
    15 | D        | Reached skill level 5 in Dodging
    15 | D        | Reached XP level 2. HP: 31/31 MP: 1/1
    15 | D        | Reached XP level 3. HP: 38/38 MP: 2/2
    15 | D        | Reached XP level 4. HP: 45/45 MP: 3/3
    16 | D        | Noticed a neqoxec
    16 | D        | Noticed a neqoxec
    17 | D        | Noticed a neqoxec
    17 | D        | Gained mutation: Your spells are a little easier to cast, but a little less powerful. [a neqoxec]
    18 | D        | Gained mutation: Your mind is acute. (Int +2) [a neqoxec]
    22 | D        | HP: 1/45 [neqoxec (2)]
    24 | D        | Gained mutation: You regenerate slowly when monsters are visible. [a neqoxec]
    25 | D        | Killed Menkaure
    25 | D        | Mangled by a neqoxec

Skill      XL: |  1 |
---------------+----+-----
Fighting       | 6 |  6.6
Long Blades    | 6 |  6.2
Dodging        | 5 |  5.7

Action                   |  1- 3 |  4- 6 || total
-------------------------+-------+-------++-------
Melee: Falchion          |     7 |     7 ||    14
       Tailslap          |     2 |       ||     2
Invok: Berserk           |     1 |       ||     1
  Use: Potion            |       |     1 ||     1
Armor: Skin              |     2 |     2 ||     4
Dodge: Dodged            |     6 |     6 ||    12
